 Dungeon Crawl Stone Soup version 0.26-a0-602-gd42a14c23b (webtiles) character file.

Game seed: 8118983128843537931

1895 Mitsuki the Destroyer (level 8, -1/41 HPs)
             Began as a Deep Elf Conjurer on Aug 31, 2020.
             Shot with a sling bullet by Joseph (7 damage)
             ... on level 7 of the Dungeon.
             The game lasted 00:30:30 (8596 turns).

Mitsuki the Destroyer (Deep Elf Conjurer)           Turns: 8596, Time: 00:30:30

Health: -1/41      AC: 11    Str:  6    XL:     8   Next: 93%
Magic:  18/21      EV: 16    Int: 24    God:
Gold:   416        SH:  5    Dex: 15    Spells: 15/22 levels left

rFire    + . .     SeeInvis .   m - +0 morningstar
rCold    . . .     Faith    .   (no shield)
rNeg     . . .     Spirit   .   p - +2 robe {rF+}
rPois    .         Reflect  +   (no helmet)
rElec    .         Harm     .   v - +0 cloak
rCorr    .                      (no gloves)
MR       .....                  (no boots)
Stlth    +++.......             q - amulet of reflection
HPRegen  0.13/turn              e - ring of wizardry
MPRegen  0.17/turn              x - +4 ring of protection

@: no status effects
A: talons 1, thin metallic scales 1, thin skeletal structure 1, sturdy frame 1
a: no special abilities


You were on level 7 of the Dungeon.
You visited 1 branch of the dungeon, and saw 7 of its levels.

You collected 416 gold pieces.

Inventory:

Hand Weapons
 m - a +0 morningstar (weapon)
Missiles
 o - 2 throwing nets (quivered)
Armour
 p - a +2 robe of fire resistance (worn)
 v - a +0 cloak (worn)
Jewellery
 e - a ring of wizardry (left hand)
 f - a +6 ring of strength
 q - an amulet of reflection (around neck)
 x - a +4 ring of protection (right hand)
Scrolls
 b - 2 scrolls of teleportation
 c - 5 scrolls of fog {unknown}
 d - 5 scrolls of identify {unknown}
 i - 3 scrolls of amnesia
 k - a scroll of immolation {unknown}
 l - 2 scrolls of remove curse
 n - 2 scrolls of enchant armour {unknown}
 r - a scroll of enchant weapon {unknown}
 s - a scroll of magic mapping {unknown}
 t - a scroll of fear
 y - a scroll of acquirement {unknown}
 A - a scroll of vulnerability {unknown}
Potions
 a - a potion of invisibility
 g - a potion of heal wounds
 h - 2 potions of magic
 j - 4 potions of flight
 u - a potion of berserk rage {unknown}
 w - a potion of stabbing {unknown}
 z - a potion of brilliance {unknown}
 B - a potion of degeneration {unknown}
 C - a potion of curing


   Skills:
 + Level 6.9 Dodging
 - Level 2.4 Stealth
 + Level 7.9 Spellcasting
 * Level 9.4 Conjurations
 + Level 4.1 Translocations


You had 15 spell levels left.
You knew the following spells:

 Your Spells              Type           Power        Failure   Level
a - Magic Dart            Conj           ####         1%          1
b - Searing Ray           Conj           ######       1%          2
c - Iskenderun's Mystic   Conj/Tloc      #####...     1%          4

Your spell library contained the following spells:

 Spells                   Type           Power        Failure   Level
 Dazzling Flash           Conj/Hex       ####..       1%          3
 Fulminant Prism          Conj/Hex       ####......   4%          4


Dungeon Overview and Level Annotations

Branches:
Dungeon (7/15)
 Temple: D:4-7

Altars:
Cheibriados
Kikubaaqudgha
Nemelex Xobeh

Shops:
D:5 [

Annotations:
D:6 Dowan, Duvessa
D:7 Joseph


Innate Abilities, Weirdness & Mutations

You have sharp toenails.
You are partially covered in thin metallic scales. (AC +2)
You have a somewhat thin skeletal structure. (Dex +2, Stealth)
Your movements are slightly less encumbered by armour. (ER -2)


Message History

The magic dart hits the hound!
You kill the hound!
You now have 16/21 mp.
Joseph is nearby!
Casting: Magic Dart (safe; 1% risk of failure)
Confirm with . or Enter, or press ? or * to list all spells.
The magic dart hits Joseph but does no damage.
Joseph shouts!
Joseph zaps a wand.
You easily resist.
You now have 16/21 mp.
You see here a war axe.
Joseph zaps a wand.
You suddenly lose the ability to move!
Joseph unwields a +0 quarterstaff.
Joseph wields a +0 hunting sling.
Joseph shoots a sling bullet.
The sling bullet hits you!!
Joseph shoots a sling bullet.
The sling bullet hits you!
* * * LOW HITPOINT WARNING * * *
You can move again.
You take 35 damage, and have 6/41 hp.
MASSIVE DAMAGE!!
Joseph shoots a sling bullet.
The sling bullet hits you!
You die...

.#..#..'..#.#.....
))..#).#..#.#.@#..
#####+##..#.#..#
...#).#...#.#..#
...#..'...#.#..######
##.##'##..#.#.).....# #
.#..'.)#..#.#.(.....##.#
.#..#..#..#.#..........#
###.##'##.#.##..@...####.
.))..#..#.#..............
†.#..#(.#.####..(...#####
..#.##'##.# #......##
###.#..#..#
#.......####...
....#..#..#
#....<.........
.##)##†##.#
#.#####.####..
##..#[..#.####.# #.#
.#..#...#......# #.#


You could see Joseph.

Vanquished Creatures
  A sky beast (D:6)
  4 ogres
  2 phantoms (D:6)
  2 bullfrogs
  2 scorpions
  3 killer bees (D:7)
  A quasit (D:6)
  A jelly (D:7)
  4 orc wizards
  2 orc priests
  3 hounds
  2 iguanas (D:6)
  Natasha (thrice) (D:2)
  3 worker ants (D:4)
  8 adders
  16 gnolls
  2 ufetubi
  3 worms
  4 dart slugs
  6 leopard geckos
  18 orcs
  3 giant cockroaches
  10 goblins
  26 hobgoblins
  6 jackals (D:4)
  A quokka (D:3)
  2 ball pythons
  8 bats
  6 frilled lizards
  17 kobolds
  A leopard gecko skeleton (D:5)
  A quokka zombie (D:5)
  6 rats
177 creatures vanquished.

Notes
Turn   | Place    | Note
-------+----------+-------------------------------------------
     0 | D:1      | Mitsuki the Deep Elf Conjurer began the quest for the Orb.
     0 | D:1      | Reached XP level 1. HP: 10/10 MP: 6/6
   332 | D:1      | Reached XP level 2. HP: 15/15 MP: 4/8
  1101 | D:2      | Reached XP level 3. HP: 19/19 MP: 4/10
  1349 | D:2      | Noticed Natasha
  1352 | D:2      | Killed Natasha
  1352 | D:2      | Reached skill level 5 in Conjurations
  1352 | D:2      | Reached XP level 4. HP: 23/24 MP: 8/12
  1419 | D:2      | Noticed Natasha
  1424 | D:2      | Killed Natasha
  1963 | D:2      | Noticed Natasha
  1972 | D:2      | Killed Natasha
  1972 | D:2      | Reached XP level 5. HP: 28/28 MP: 7/14
  2055 | D:2      | Reached skill level 5 in Spellcasting
  2635 | D:3      | Reached skill level 6 in Conjurations
  3040 | D:3      | Reached XP level 6. HP: 32/32 MP: 9/15
  3993 | D:3      | Learned a level 2 spell: Searing Ray
  4057 | D:4      | Gained mutation: You are resistant to hostile enchantments.
                  | (MR+) [potion of mutation]
  4057 | D:4      | Gained mutation: Your body sometimes deteriorates upon
                  | taking damage. [potion of mutation]
  4057 | D:4      | Gained mutation: You are partially covered in thin metallic
                  | scales. (AC +2) [potion of mutation]
  4057 | D:4      | Gained mutation: You are covered in fur. (AC +1) [potion of
                  | mutation]
  4059 | D:4      | Lost mutation: You are covered in fur. (AC +1) [potion of
                  | mutation]
  4059 | D:4      | Lost mutation: You are resistant to hostile enchantments.
                  | (MR+) [potion of mutation]
  4059 | D:4      | Lost mutation: Your body sometimes deteriorates upon taking
                  | damage. [potion of mutation]
  4059 | D:4      | Gained mutation: You have sharp toenails. [potion of
                  | mutation]
  4059 | D:4      | Gained mutation: You have a somewhat thin skeletal
                  | structure. (Dex +2, Stealth) [potion of mutation]
  4059 | D:4      | Gained mutation: Your movements are slightly less
                  | encumbered by armour. (ER -2) [potion of mutation]
  4413 | D:4      | Found a snail-covered altar of Cheibriados.
  4748 | D:4      | Reached skill level 5 in Dodging
  4748 | D:4      | Reached skill level 7 in Conjurations
  4750 | D:4      | Reached XP level 7. HP: 36/36 MP: 9/18
  5008 | D:5      | Entered Level 5 of the Dungeon
  5124 | D:5      | Learned a level 4 spell: Iskenderun's Mystic Blast
  5279 | D:4      | Reached skill level 1 in Translocations
  5636 | D:5      | Found Igaabom's Armour Boutique.
  6225 | D:6      | Noticed Dowan
  6444 | D:6      | Reached skill level 8 in Conjurations
  6474 | D:6      | Reached XP level 8. HP: 32/41 MP: 5/20
  6961 | D:6      | Found an ancient bone altar of Kikubaaqudgha.
  6970 | D:6      | Found a sparkling altar of Nemelex Xobeh.
  7265 | D:6      | Noticed Duvessa
  7372 | D:7      | Reached skill level 9 in Conjurations
  8087 | D:7      | Noticed Joseph
  8591 | D:7      | Paralysed by Joseph for 4 turns
  8596 | D:7      | Shot with a sling bullet by Joseph

Illustrated notes

Levels and vault maps discovered:
D:1:      zelgadis_glass_arrival_small, layout_loops_ring
D:2:      layout_basic, serial_glass, glass_columns_c, glass_columns_a,
          due_unseen_surprise, item_on_display_a, minmay_strange_pillars,
          uniq_natasha
D:3:      minmay_angry_zag, layout_loops_corners, kennysheep_generic_room_2
D:4:      layout_loops_corners, nicolae_overflow_hidden_temple
D:5:      layout_rooms, serial_shops, kennysheep_little_box, grunt_ministairs_8,
          nrook_campfire
D:6:      layout_gridville, amethyst_overflow_temple_binary, uniq_duvessa
D:7:      corexii_shantytown, layout_basic, minmay_temple_entry_junction,
          uniq_joseph

Skill      XL: |  1  2  3  4  5  6  7  8 |
---------------+-------------------------+-----
Spellcasting   | 4 5 6 7 |  7.9
Dodging        | 3 4 5 6 |  6.9
Conjurations   | 5 6 7 8 9 |  9.4
Translocations | 2 4 |  4.1
Stealth        | |  2.4

Action                   |  1- 3 |  4- 6 |  7- 9 || total
-------------------------+-------+-------+-------++-------
Melee: Club              |    12 |       |       ||    12
       Morningstar       |       |    10 |    10 ||    20
       Kick              |       |       |     3 ||     3
 Cast: Magic Dart        |    60 |   151 |   171 ||   382
       Searing Ray       |       |     5 |    18 ||    23
  Use: Scroll            |     5 |     1 |       ||     6
       Potion            |       |     8 |       ||     8
 Stab: Sleeping          |       |       |     1 ||     1
Armor: Robe              |     2 |       |    15 ||    17
       Leather armour    |       |     1 |       ||     1
Dodge: Dodged            |    11 |    30 |    55 ||    96
Block: Tower shield      |       |       |     3 ||     3
       Other             |       |       |     8 ||     8

Table legend: (Time is in decaauts)
 A = Elapsed time spent in this place.
 B = Non-inter-level travel time spent in this place.
 C = Inter-level travel time spent in this place.
 D = Time resting spent in this place.
 E = Time spent auto-exploring this place.
 F = Levels seen in this place.
 G = Mean time per level.
                   A        B        C        D        E       F      G
               +--------+--------+--------+--------+--------+-----+--------+
         Total |   8619 |   8030 |    589 |    701 |   6240 |   7 | 1231.3 |
       Dungeon |   8619 |   8030 |    589 |    701 |   6240 |   7 | 1231.3 |
               +--------+--------+--------+--------+--------+-----+--------+

Top non-repeatable levels by time:
     D:2: 1508 daAuts
     D:3: 1465 daAuts
     D:6: 1452 daAuts
     D:4: 1272 daAuts
     D:7: 1033 daAuts
     D:1: 1025 daAuts
     D:5: 860 daAuts
